 Dungeon Crawl Stone Soup version 0.31.0-32-g396128a36d (webtiles) character file.

Game seed: 1970916874297981165

2992 AdnanSaban the Basher (level 9, -9/55 HPs)
             Began as a Gargoyle Fighter on Apr 18, 2024.
             Was a Believer of Okawaru.
             Shot with an arrow by a centaur warrior (15 damage)
             ... on level 7 of the Dungeon.
             The game lasted 00:10:23 (7085 turns).

AdnanSaban the Basher (Gargoyle Fighter)            Turns: 7085, Time: 00:10:24

Health: -9/55      AC: 25    Str: 25    XL:     9   Next: 83%
Magic:  0/9        EV:  7    Int:  8    God:    Okawaru [**....]
Gold:   418        SH:  5    Dex:  9    Spells: 8/8 levels left

rFire   . . .        z - +1 flail (protect)
rCold   . . .        c - +0 buckler
rNeg    + . .        b - +0 plate armour
rPois   ∞            p - +0 helmet of Zin's Generosity {rElec}
rElec   +            g - +0 cloak
rCorr   .            r - +0 pair of gloves
SInv    +            o - +1 pair of boots
Will    .....        j - amulet of guardian spirit Stlth
                     w - ring of see invisible
HPRegen 0.29/turn    (no ring)
MPRegen 0.11/turn

%: guardian spirit
@: no status effects
A: sickness immunity, AC +6, negative energy resistance 1, electricity
resistance, torment resistance 1, petrification resistance
a: Renounce Religion, Heroism


You were on level 7 of the Dungeon.
You worshipped Okawaru.
Okawaru was pleased with you.
You visited 2 branches of the dungeon, and saw 8 of its levels.
You also visited: Sewer.

You collected 418 gold pieces.

Inventory:

Hand Weapons
 z - a +1 flail of protection (weapon)
Missiles
 h - 5 poisoned darts (quivered)
 A - a curare-tipped dart
 H - a throwing net
Armour
 b - a +0 plate armour (worn)
 c - a +0 buckler (worn)
 g - a +0 cloak (worn)
 o - a +1 pair of boots (worn)
 p - the +0 helmet of Zin's Generosity (worn) {rElec}
   (You took it off Robin on level 2 of the Dungeon)

   rElec:     It insulates you from electricity.
 r - a +0 pair of gloves (worn)
Jewellery
 j - an amulet of guardian spirit (around neck)
 w - a ring of see invisible (left hand)
 y - an amulet of the acrobat
Wands
 G - a wand of roots (10)
Scrolls
 e - 2 scrolls of noise {unknown}
 f - a scroll of revelation {unknown}
 k - 3 scrolls of blinking
 m - 2 scrolls of fear {unknown}
 q - 5 scrolls of teleportation {unknown}
 t - 2 scrolls of amnesia {unknown}
 u - a scroll of summoning {unknown}
 v - 6 scrolls of identify {unknown}
 x - a scroll of enchant weapon {unknown}
 B - a scroll of immolation {unknown}
 D - a scroll of fog {unknown}
Potions
 a - a potion of invisibility {unknown}
 d - a potion of might
 i - 5 potions of attraction {unknown}
 l - 4 potions of heal wounds {unknown}
 n - 4 potions of lignification {unknown}
 s - 2 potions of degeneration {unknown}
 C - 2 potions of mutation {unknown}
 E - a potion of curing {unknown}
 F - a potion of enlightenment {unknown}


   Skills:
 + Level 6.3 Fighting
 + Level 9.8 Maces & Flails
 + Level 0.3 Throwing
 + Level 6.8 Armour
 + Level 1.2 Dodging
 + Level 0.2 Stealth
 + Level 6.6 Shields


You had 8 spell levels left.
You didn't know any spells.
Your spell library contained the following spells:

 Spells                   Type           Power      Damage    Failure   Level
 Sting                    Conj/Alch      0%         1d3       100%        1
 Mephitic Cloud           Conj/Alch/Air  0%         N/A       100%        3
 Volatile Blastmotes      Fire/Tloc      0%         2d10      100%        3
 Dimensional Bullseye     Hex/Tloc       0%         N/A       100%        4
 Fulminant Prism          Conj/Alch      0%         3d5       100%        4
 Iskenderun's Mystic Bla  Conj/Tloc      0%         2d3       100%        4
 Yara's Violent Unravell  Hex/Alch       0%         3d3       100%        5
 Eringya's Noxious Bog    Alch           0%         4d6       100%        6
 Summon Ice Beast         Ice/Summ       Unusable   N/A       N/A         3
 Summon Mana Viper        Hex/Summ       Unusable   N/A       N/A         5
 Monstrous Menagerie      Summ           Unusable   N/A       N/A         7

Dungeon Overview and Level Annotations

Branches:
Dungeon (7/15)             Temple (1/1) D:6           Sewer (visited)

Altars:
Ashenzari
Cheibriados
Dithmenos
Hepliaklqana
Kikubaaqudgha
Makhleb
Nemelex Xobeh
Okawaru
Qazlal
Ru
Sif Muna
Trog
Uskayaw
Vehumet
Wu Jian
Xom
Yredelemnul

Shops:
D:1 (

Annotations:
D:5 Jeremiah
D:7 Dowan, Duvessa, Joseph


Innate Abilities, Weirdness & Mutations

You are immune to sickness and miasma.
Your stone body is resilient. (AC +6)
You are immune to poison.
You resist negative energy. (rN+)
You are resistant to electric shocks. (rElec)
You are resistant to unholy torment.
You are immune to petrification.


Message History

You block the bullfrog's attack.
The howler monkey hoots and howls with incredible vigour!
Joseph hits you but does no damage.
The centaur warrior completely misses you.
The centaur warrior kicks you.
Joseph hits you with a +3 quarterstaff of speed.
You hit Joseph.
Joseph is almost dead.
The bullfrog hits you but does no damage.
The howler monkey hoots and howls with incredible vigour!
Duvessa hits you but does no damage.
A scorpion comes into view.
The centaur warrior barely misses you.
The centaur warrior kicks you but does no damage.
The bullfrog hits you but does no damage.
Joseph hits you but does no damage.
The howler monkey hits you but does no damage.
Unknown command.
The centaur warrior wields a +0 orcbow.
The centaur warrior shoots an arrow.
The arrow hits you! Duvessa attacks as she pursues you!
You block Duvessa's attack.
You see here a +0 whip.
Duvessa says, "My weaknesses are his strengths!"
The centaur warrior shoots an arrow.
The arrow hits you but does no damage.
The centaur warrior shoots an arrow.
The arrow hits you!
* * * LOW HITPOINT WARNING * * *
There is a sacrificial altar of Ru here.
The centaur warrior shoots an arrow.
The arrow hits you.
* * * LOW HITPOINT WARNING * * *
The centaur warrior shoots an arrow.
The arrow barely misses you.
The sentinel's mark upon you fades away.
The centaur warrior shoots an arrow.
The arrow barely misses you.
You open the door.
Found a stone staircase leading down.
The howler monkey hoots and howls with incredible vigour!
The centaur warrior shoots an arrow.
The arrow hits you!
* * * LOW HITPOINT WARNING * * *
There is an open door here.
The centaur warrior shoots an arrow.
The arrow hits you!
You die...

############## ...
##...#......... #..####.
>#.#.#.######.# .......
.#.#...#....#.#
+###....##.#.#...#.##.#.#
...........#.......##.#.#
...........###÷#>####.#.#
.............<÷.....#....
........@......#.##.#....
+#######'..........#
#....
#..#...#...#.#.#....#.#
##.#.
#..#...#...#........#.#
#.#. ###
#..#.......#...#....# #
#.#.
....#..###hc.###...#.....
#.#. ....
..#...F...#...#..#.##
#.#.
s...(#.#†)Y#...#...###...
#.#. .....#.#o).#...#..##
#.


You could see a centaur warrior, a sky beast, a bullfrog and a howler monkey
(catching breath).

Vanquished Creatures
  Sigmund (D:4)
  4 yaks (D:6)
  A wyvern (D:7)
  A steam dragon (D:7)
  Menkaure (D:3)
  A water moccasin (D:7)
  An ice beast (D:6)
  2 ogres
  A kobold brigand (D:5)
  2 bullfrogs (Sewer)
  A gnoll sergeant (Temple)
  2 scorpions
  A howler monkey (D:5)
  A hound (D:4)
  A bombardier beetle (D:5)
  2 orc priests
  2 gnoll boudas
  2 iguanas
  3 sleepcaps
  11 orc wizards
  Robin (D:2)
  16 gnolls
  14 adders
  A river rat (D:6)
  A shadow imp (D:7)
  3 white imps
  5 ribbon worms
  9 dart slugs
  15 orcs
  11 ball pythons
  6 endoplasms
  13 giant cockroaches
  20 goblins
  6 hobgoblins
  2 jackals
  5 quokkas
  9 bats
  13 frilled lizards
  16 kobolds
  4 rats
211 creatures vanquished.

Notes
Turn   | Place    | Note
-------+----------+-------------------------------------------
     0 | D:1      | AdnanSaban the Gargoyle Fighter began the quest for the
                  | Orb.
     0 | D:1      | Reached XP level 1. HP: 14/14 MP: 1/1
   227 | D:1      | Reached XP level 2. HP: 19/19 MP: 2/2
   413 | D:1      | Reached XP level 3. HP: 20/23 MP: 1/3
   842 | D:1      | Found Vazeitsi's Weapon Shop.
   899 | D:1      | You fall into a shaft and drop 1 floor!
  1291 | D:2      | Reached XP level 4. HP: 25/28 MP: 2/4
  1465 | D:2      | Identified the +1 leather armour of the Stopping Gods {rF+}
  1997 | D:3      | Reached skill level 3 in Maces & Flails
  2052 | D:3      | Identified the +0 helmet of Zin's Generosity {rElec}
  2052 | D:3      | Noticed Robin
  2085 | D:3      | Reached XP level 5. HP: 33/33 MP: 5/5
  2277 | D:2      | Killed Robin
  2278 | D:2      | Reached skill level 4 in Maces & Flails
  2644 | D:3      | Reached XP level 6. HP: 38/38 MP: 6/6
  3226 | D:4      | Noticed Menkaure
  3248 | D:3      | Killed Menkaure
  3249 | D:3      | Reached skill level 5 in Maces & Flails
  3249 | D:3      | Reached XP level 7. HP: 14/44 MP: 1/7
  3422 | D:3      | Reached skill level 5 in Armour
  3477 | D:4      | Reached skill level 5 in Shields
  3530 | D:4      | Noticed Sigmund
  3538 | D:4      | Killed Sigmund
  3539 | D:4      | Reached skill level 6 in Maces & Flails
  3992 | D:5      | Entered Level 5 of the Dungeon
  4089 | D:5      | Reached XP level 8. HP: 48/48 MP: 8/8
  4248 | D:5      | Reached skill level 5 in Fighting
  4579 | D:5      | Found a hide-covered altar of Uskayaw.
  4597 | D:5      | Reached skill level 7 in Maces & Flails
  4998 | D:6      | Found a glowing drain.
  5018 | Sewer    | Entered a sewer
  5357 | Sewer    | Got the Discursus on the Voyage and Transmogrification
  5680 | D:6      | Found a staircase to the Ecumenical Temple.
  5710 | D:6      | Reached skill level 8 in Maces & Flails
  5710 | D:6      | Reached XP level 9. HP: 36/54 MP: 5/9
  5806 | Temple   | Entered the Ecumenical Temple
  5810 | Temple   | Became a worshipper of Warmaster Okawaru
  5906 | D:6      | Noticed Jeremiah
  6207 | D:6      | Reached skill level 1 in Dodging
  6293 | D:6      | Reached * piety under Okawaru
  6305 | D:6      | Reached skill level 9 in Maces & Flails
  6931 | D:7      | Reached ** piety under Okawaru
  7049 | D:7      | Found a sacrificial altar of Ru.
  7059 | D:7      | Noticed Joseph
  7065 | D:7      | Noticed Duvessa
  7067 | D:7      | Noticed Dowan
  7068 | D:7      | Noticed a centaur warrior
  7085 | D:7      | Shot with an arrow by a centaur warrior

Illustrated notes

Levels and vault maps discovered:
D:1:      dpeg_arrival_chambers_temple_mockup, layout_loops_ring, serial_shops,
          shop
D:2:      minmay_chambers_of_twos, layout_basic
D:3:      minmay_bubble_buster, layout_basic, uniq_robin
D:4:      layout_cave_pools, eino_small_chamber_without_monster,
          minmay_misc_feat_roman, uniq_sigmund, uniq_menkaure
D:5:      layout_cave_pods, eat_drink_and_be_merry_uskayaw,
          minmay_a_box_with_orc_wizards_in_it
D:6:      layout_loops_ring, minmay_temple_entry_waves,
          cheibrodos_sewer_entry_sluice, uniq_jeremiah
D:7:      nzn_winding_woodlands_cross [nzn_winding_woodlands_5x15_concentric,
          nzn_winding_woodlands_5x15_split_checker,
          nzn_winding_woodlands_5x15_longhouse,
          nzn_winding_woodlands_5x15_crooked,
          nzn_winding_woodlands_15x15_killbox], layout_basic,
          good_gods_mini_temple, nicolae_ru_great_annihilating_truth,
          mainiacjoe_overflow_boulevard, billiards_dpeg,
          uniq_crazy_yiuf_cottage, uniq_duvessa, uniq_joseph
Temple:   nicolae_temple_bog_church

Skill      XL: |  1  2  3  4  5  6  7  8  9 |
---------------+----------------------------+-----
Armour         | 4 5 6 |  6.8
Maces & Flails | 3 4 5 6 8 9 |  9.8
Shields        | 4 5 6 |  6.6
Fighting       | 4 5 6 |  6.3
Dodging        | 1 |  1.2
Throwing       | |  0.3
Stealth        | |  0.2

Action                     |  1- 3 |  4- 6 |  7- 9 || total
---------------------------+-------+-------+-------++-------
  Melee: Flail             |   146 |   297 |   500 ||   943
  Throw: Dart              |       |       |     8 ||     8
 Armour: Plate armour      |   171 |   299 |   564 ||  1034
  Dodge: Dodged            |    52 |   123 |   195 ||   370
  Block: Buckler           |    29 |    74 |   149 ||   252
